 Dungeon Crawl Stone Soup version 0.20.1-1-g8b1a95d (webtiles) character file.

6279 boajuse the Basher (level 10, -5/97 HPs)
             Began as a Gargoyle Fighter on Oct 27, 2017.
             Was a Believer of Qazlal.
             Slain by an orc knight
             ... wielding a +0 war axe
              (24 damage)
             ... in a bailey.
             The game lasted 00:28:41 (7120 turns).

boajuse the Basher (Gargoyle Fighter)               Turns: 7120, Time: 00:28:42

Health: -5/97      AC: 25    Str: 31    XL:     10   Next: 94%
Magic:  7/14       EV:  2    Int:  9    God:    Qazlal [**....]
Gold:   93         SH: 14    Dex:  9    Spells: 6/9 levels left

rFire    . . .     SeeInvis .   u - +0 morningstar
rCold    . . .     Gourm    .   c - +0 shield
rNeg     + + +     Faith    .   (armour currently unavailable)
rPois    ∞         Spirit   .   (helmet currently unavailable)
rElec    .         Reflect  .   (cloak currently unavailable)
rCorr    .         Harm     .   (gloves currently unavailable)
MR       .....     NoTele   +   (boots currently unavailable)
Stlth    +.........             (no amulet)
Regen    0.3/turn               y - +3 ring of strength
MPRegen  0.2/turn               (no ring)

@: mighty, tree-form, hasted, very quick
A: negative energy resistance 1, petrification resistance, rot immunity, AC +7
a: Upheaval, Renounce Religion


You were in a bailey.
You worshipped Qazlal.
Qazlal was pleased with you.
You were near starving.
You were a tree.
You visited 2 branches of the dungeon, and saw 10 of its levels.
You also visited: Bailey.

You collected 502 gold pieces.
You spent 409 gold pieces at shops.

Inventory:

Hand Weapons
 a - a +0 flail
 u - a +0 morningstar (weapon)
Missiles
 i - 57 bolts
Armour
 c - a +0 shield (worn)
 p - a +1 pair of gloves (melded)
 E - a +0 helmet (melded)
 I - a +0 cloak (melded)
 K - a +0 plate armour (melded)
 P - a +0 pair of boots (melded)
Jewellery
 y - a +3 ring of strength (left branch)
 H - an uncursed ring of flight {unknown}
Wands
 b - a wand of random effects (0/48)
 z - a wand of iceblast (0/15)
 B - a wand of confusion (22/48)
 O - a wand of paralysis (0/24)
Scrolls
 e - a scroll of recharging
 g - 4 scrolls of fog
 k - 6 scrolls of remove curse
 l - 2 scrolls of teleportation
 o - 2 scrolls of blinking
 s - 2 scrolls of noise
 x - a scroll of immolation
 C - 2 scrolls of magic mapping
 F - a scroll of enchant weapon {unknown}
 G - a scroll of enchant armour {unknown}
 J - a scroll of fear {unknown}
 M - a scroll of identify
Potions
 d - a potion of might
 h - 2 potions of resistance
 q - 5 potions of curing
 t - a potion of haste
 v - 3 potions of agility {unknown}
 w - a potion of invisibility {unknown}
 A - a potion of cancellation {unknown}
 D - 4 potions of magic {unknown}
Comestibles
 f - 9 bread rations
 j - 3 fruits
 n - 3 royal jellies
 r - 3 meat rations


   Skills:
 * Level 8.6 Fighting
 + Level 9.5 Maces & Flails
 + Level 0.1 Throwing
 + Level 6.5 Armour
 + Level 2.5 Dodging
 + Level 1.3 Stealth
 + Level 8.7 Shields
 * Level 5.3 Invocations
 + Level 1.6 Evocations


You had 6 spell levels left.
You knew the following spells:

 Your Spells              Type           Power        Failure   Level  Hunger
a - Regeneration          Chrm/Necr      #.........   95%         3    ####...


Dungeon Overview and Level Annotations

Branches:
Dungeon (9/15)             Temple (1/1) D:4            Lair (0/6) D:9
    Orc (0/2) D:9

Altars:
Ashenzari
Cheibriados
Dithmenos
Elyvilon
Fedhas
Gozag
Hepliaklqana
Kikubaaqudgha
Makhleb
Nemelex Xobeh
Okawaru
Qazlal
Ru
Sif Muna
Trog
Uskayaw
Vehumet
Xom
Yredelemnul
Zin
The Shining One

Shops:
D:5 =   D:8 !   D:9 ([

Annotations:
D:3 bmj180's ghost, amateur HOFi
D:5 exclusion: statue


Innate Abilities, Weirdness & Mutations

You are resistant to torment.
((Your stone body is resilient. (AC +7)))
You are immune to poison.
You resist negative energy. (rN+)
((You are resistant to electric shocks. (rElec)))
((You can survive without breathing.))
You are immune to petrification.
You are immune to rotting.


Message History

You thump the orc knight!
The orc knight is heavily wounded.
The orc knight hits you with a war axe.
* * * LOW HITPOINT WARNING * * *
You feel better.
You closely miss the orc knight.
The orc knight is heavily wounded.
You block the orc knight's attack.
You puncture the orc knight!
The orc knight is severely wounded.
Your shield prevents you from hitting the orc knight.
The orc knight is severely wounded.
You block the orc knight's attack.
You puncture the orc knight!
The orc knight is severely wounded.
You are near starving!
You closely miss the orc knight.
The orc knight is severely wounded.
The orc knight hits you with a war axe!!
You die...

#≈≈≈≈≈#
###≈≈≈≈≈#
#.≈≈≈≈≈≈#
#.≈≈≈≈≈.######
#.≈≈≈≈;.)....#
#.≈≈≈≈;.)...)###
'........)..)).#
'.......)).∩)o)#
'...........))♣#
#.≈≈≈≈;......###
#.≈≈≈≈≈......#
#.≈≈≈≈≈.######
#.≈≈≈≈≈≈#
###≈≈≈≈≈#
#≈≈≈≈≈# #≈≈≈≈≈#
#≈≈≈≈≈#


You could see an orc knight.

Vanquished Creatures
  Erica (D:9)
  A two-headed ogre (D:9)
  An orc knight (Bailey)
  An orc sorcerer (Bailey)
  A hornet (D:9)
  A troll (D:9)
  2 hippogriffs
  Grum (D:8)
  A hungry ghost (D:8)
  Menkaure (D:7)
  2 sky beasts (D:5)
  5 orc warriors
  2 phantoms
  An ice beast (D:6)
  2 wolves (D:8)
  A centaur (D:9)
  2 ogres (D:4)
  A big kobold (D:5)
  A bullfrog (D:7)
  A wyvern skeleton (D:8)
  A scorpion (D:6)
  2 electric eels (Bailey)
  4 howler monkeys
  4 wights (D:8)
  A crimson imp (D:6)
  A bullfrog zombie (D:5)
  A hound (D:5)
  Crazy Yiuf (D:7)
  2 centaur zombies
  2 orc priests (D:4)
  6 orc wizards
  3 jellies
  3 centaur skeletons
  An iguana (D:6)
  9 worker ants
  The ghost of letownia2 the Grave Robber, a weakling DDNe (D:4)
  2 hound zombies
  10 gnolls
  2 worker ant zombies (D:8)
  2 adders
  2 shadow imps
  An ooze (D:2)
  3 worms
  2 dart slugs (D:2)
  2 leopard geckos
  28 orcs
  4 giant cockroaches
  6 goblins
  11 hobgoblins
  11 jackals
  8 kobolds
  4 quokkas
  6 bats
  5 frilled lizards
  6 rats
  2 fungi (D:7)
188 creatures vanquished.

Vanquished Creatures (others)
  A crimson imp (D:6)
  A gnoll (Bailey)
  An orc (Bailey)
  A hobgoblin (Bailey)
4 creatures vanquished.

Grand Total: 192 creatures vanquished

Notes
Turn   | Place    | Note
-------+----------+-------------------------------------------
     0 | D:1      | boajuse the Gargoyle Fighter began the quest for the Orb.
     0 | D:1      | Reached XP level 1. HP: 14/14 MP: 1/1
   216 | D:1      | Reached XP level 2. HP: 19/19 MP: 2/2
   723 | D:2      | Reached XP level 3. HP: 13/24 MP: 3/3
  1282 | D:2      | Found a shadowy altar of Dithmenos.
  1282 | D:2      | Found a shattered altar of Ashenzari.
  1601 | D:2      | Reached XP level 4. HP: 29/29 MP: 4/4
  1762 | D:3      | Found a blossoming altar of Fedhas.
  2067 | D:3      | Noticed bmj180's ghost (amateur HOFi)
  2275 | D:4      | Reached skill level 3 in Maces & Flails
  2275 | D:4      | Reached XP level 5. HP: 18/33 MP: 5/5
  2495 | D:4      | Reached skill level 1 in Dodging
  2534 | D:4      | Reached XP level 6. HP: 28/39 MP: 6/6
  2694 | D:4      | Reached skill level 4 in Maces & Flails
  2846 | D:4      | Reached skill level 5 in Fighting
  3089 | D:4      | Reached XP level 7. HP: 35/44 MP: 7/7
  3152 | D:4      | Reached skill level 5 in Shields
  3215 | D:4      | Noticed letownia2's ghost (weakling DDNe)
  3236 | D:4      | Killed letownia2's ghost
  3435 | D:4      | Found a staircase to the Ecumenical Temple.
  3447 | Temple   | Entered the Ecumenical Temple
  3527 | D:5      | Entered Level 5 of the Dungeon
  3570 | D:5      | Found Uduhyfy's Jewellery Shop.
  3609 | D:5      | Reached skill level 5 in Maces & Flails
  3665 | D:5      | Bought a +3 ring of strength for 157 gold pieces
  3705 | D:5      | Reached XP level 8. HP: 43/51 MP: 8/8
  3801 | D:5      | Found a radiant altar of Vehumet.
  4095 | D:6      | Found a bloodstained altar of Trog.
  4195 | D:6      | Found a hide-covered altar of Uskayaw.
  4237 | D:6      | Reached skill level 6 in Maces & Flails
  4490 | D:6      | Reached skill level 5 in Armour
  4631 | D:6      | Found a shimmering altar of Xom.
  4631 | D:6      | Noticed an angel
  4635 | D:6      | Found a glowing silver altar of Zin.
  4936 | D:7      | Found a stormy altar of Qazlal.
  4939 | D:7      | Noticed an air elemental
  4939 | D:7      | Noticed a water elemental
  4945 | D:7      | Became a worshipper of Qazlal Stormbringer
  5085 | D:7      | Noticed Menkaure
  5125 | D:7      | Killed Menkaure
  5379 | D:7      | Learned a level 3 spell: Regeneration
  5461 | D:7      | Found a runed door.
  5465 | D:7      | Noticed Crazy Yiuf
  5469 | D:7      | Killed Crazy Yiuf
  5511 | D:8      | Reached XP level 9. HP: 53/56 MP: 9/9
  5624 | D:8      | Found Gaocwad's Distillery.
  5640 | D:8      | Reached skill level 7 in Maces & Flails
  5640 | D:8      | Reached skill level 1 in Invocations
  5674 | D:8      | Bought a potion of heal wounds for 50 gold pieces
  5674 | D:8      | Bought a potion of might for 40 gold pieces
  5674 | D:8      | Bought a potion of curing for 30 gold pieces
  5674 | D:8      | Bought a potion of curing for 30 gold pieces
  5674 | D:8      | Bought a potion of lignification for 30 gold pieces
  5720 | D:8      | Reached * piety under Qazlal
  5739 | D:8      | Noticed Grum
  5779 | D:8      | Killed Grum
  6091 | D:8      | Reached skill level 8 in Maces & Flails
  6318 | D:9      | Found Isikhloe's Armour Shoppe.
  6318 | D:9      | Found a staircase to the Orcish Mines.
  6318 | D:9      | Found Lalygh's Weapon Shoppe.
  6323 | D:9      | Noticed a two-headed ogre
  6334 | D:9      | Killed a two-headed ogre
  6334 | D:9      | Reached XP level 10. HP: 55/64 MP: 12/12
  6457 | D:9      | Reached ** piety under Qazlal
  6484 | D:9      | Noticed Erica
  6512 | D:9      | Killed Erica
  6512 | D:9      | Reached skill level 1 in Evocations
  6519 | D:9      | Reached skill level 9 in Maces & Flails
  6679 | D:9      | Bought a +0 pair of boots for 72 gold pieces
  6735 | D:9      | Found a flagged portal.
  6817 | D:9      | Reached skill level 5 in Invocations
  6829 | Bailey   | Entered a bailey
  7067 | Bailey   | Noticed an orc knight
  7089 | Bailey   | Noticed an orc sorcerer
  7093 | Bailey   | Noticed an orc knight
  7103 | Bailey   | Killed an orc sorcerer
  7111 | Bailey   | Killed an orc knight
  7111 | Bailey   | Reached skill level 1 in Stealth
  7120 | Bailey   | Slain by an orc knight

Skill      XL: |  1  2  3  4  5  6  7  8  9 10 |
---------------+-------------------------------+-----
Fighting       | 4 5 6 7 8 |  8.6
Shields        | 4 5 6 7 8 |  8.7
Maces & Flails | 3 4 5 6 8 9 |  9.5
Dodging        | 1 2 |  2.5
Armour         | 4 5 6 |  6.5
Invocations    | 3 5 |  5.3
Evocations     | 1 |  1.6
Stealth        | 1 |  1.3
Throwing       | |  0.1

Action                   |  1- 3 |  4- 6 |  7- 9 | 10-12 || total
-------------------------+-------+-------+-------+-------++-------
Melee: Flail             |   168 |   186 |   521 |    52 ||   927
       Morningstar       |       |       |       |    90 ||    90
Throw: Tomahawk          |       |       |       |     4 ||     4
Invok: Upheaval          |       |       |       |     4 ||     4
Evoke: Wand              |       |       |     5 |    11 ||    16
  Use: Scroll            |     3 |     4 |     2 |     5 ||    14
       Potion            |       |       |     1 |     9 ||    10
 Stab: Paralysed         |       |       |       |     4 ||     4
  Eat: Chunk             |     2 |     4 |    13 |     2 ||    21
       Fruit             |       |       |     4 |       ||     4
Armor: Scale mail        |    89 |    95 |   104 |       ||   288
       Chain mail        |       |       |    43 |       ||    43
       Plate armour      |       |       |   158 |    83 ||   241
       Skin              |       |       |       |     5 ||     5
Dodge: Dodged            |    54 |    57 |    94 |    42 ||   247
Block: Shield            |   112 |   104 |   259 |   137 ||   612
